 Dungeon Crawl Stone Soup version 0.30.0-30-g96aa6591b8 (webtiles) character file.

Game seed: 15165351442050655188

1376 Chiseanne the Covert (level 8, 58/58 HPs)
             Began as an Octopode Delver on June 28, 2023.
             Quit the game in the Ecumenical Temple.
             The game lasted 00:17:38 (3656 turns).

Chiseanne the Covert (Octopode Delver)              Turns: 3656, Time: 00:17:39

Health: 58/58      AC:  1    Str: 11    XL:     8   Next: 66%
Magic:  22/22      EV: 17    Int: 18    God:
Gold:   291        SH:  0    Dex: 22    Spells: 14/14 levels left

rFire   . . .        a - +5 short sword of the Spider Nest {heavy, +Blink rN+ Will+}
rCold   + . .        (no shield)
rNeg    + . .        (helmet restricted)
rPois   .            (no amulet)
rElec   .            c - +6 ring of intelligence
rCorr   +            n - ring "Fearuigg" {rC+ MP+9 Dex+6}
SInv    .            f - ring of resist corrosion
Will    +....        (no ring)
Stlth   +++++        (no ring)
HPRegen 0.29/turn    (no ring)
MPRegen 0.18/turn    (no ring)
                     (no ring)

%: no passive effects
@: no status effects
A: almost no armour, amphibious, 8 rings, camouflage 1, gelatinous body 1,
(nimble swimmer 1), tentacles
a: Evoke Blink


You were in the Ecumenical Temple.
You visited 2 branches of the dungeon, and saw 9 of its levels.

You collected 291 gold pieces.

Inventory:

Hand Weapons
 a - the +5 short sword of the Spider Nest (weapon) {heavy, +Blink rN+ Will+}
   (You found it on level 2 of the Dungeon)

   rN:        It protects you from negative energy.
   +Blink:    It lets you blink.
   Will:      It increases your willpower.
 s - a +0 war axe
Missiles
 j - 55 stones
 l - 12 poisoned darts (quivered)
 q - a boomerang
 t - 3 silver javelins
Magical Staves
 o - a staff of fire
Jewellery
 c - a +6 ring of intelligence (left tentacle)
 f - a ring of resist corrosion (on tentacle)
 g - a ring of ice
 i - an amulet of faith
 n - the ring "Fearuigg" (right tentacle) {rC+ MP+9 Dex+6}
   (You found it on level 9 of the Dungeon)

   [ring of dexterity]

   Dex:       It affects your dexterity (+6).
   rC:        It protects you from cold.
   MP:        It affects your magic capacity (+9).
Wands
 k - a wand of flame (15)
Scrolls
 b - 2 scrolls of fog
 d - 2 scrolls of fear
 p - 2 scrolls of magic mapping
 w - a scroll of identify
Potions
 h - 7 potions of curing
 m - 2 potions of mutation
 r - 3 potions of heal wounds {unknown}
 u - a potion of degeneration {unknown}
 v - a potion of attraction {unknown}


   Skills:
 * Level 6.4 Fighting
 - Level 3.8 Short Blades
 * Level 5.9 Dodging
 - Level 8.2 Stealth
 * Level 3.8 Spellcasting


You had 14 spell levels left.
You didn't know any spells.
Your spell library contained the following spells:

 Spells                   Type           Power      Damage    Failure   Level
 Sublimation of Blood     Necr           3%         N/A       22%         2
 Dazzling Flash           Conj/Hex       6%         N/A       41%         3
 Volatile Blastmotes      Fire/Tloc      6%         2d10      41%         3
 Iskenderun's Mystic Bla  Conj/Tloc      3%         2d3       83%         4
 Petrify                  Tmut/Erth      3%         N/A       83%         4
 Irradiate                Conj/Tmut      1%         3d12      99%         5
 Starburst                Conj/Fire      1%         6d3       100%        6


Dungeon Overview and Level Annotations

Branches:
Dungeon (9/15)             Temple (1/1) D:6
   Lair: D:8-11         Orc: D:9-12

Altars:
Ashenzari
Cheibriados
Elyvilon
Fedhas
Gozag
Hepliaklqana
Kikubaaqudgha
Makhleb
Okawaru
Qazlal
Ru
Sif Muna
Uskayaw
Vehumet
Xom
Yredelemnul
Zin

Shops:
D:6 [

Annotations:
D:6 Grinder
D:7 Maggie


Innate Abilities, Weirdness & Mutations

You cannot wear most types of armour.
You are amphibious.
You can wear up to eight rings at the same time.
Your skin changes colour to match your surroundings (Stealth+).
Your rubbery body absorbs attacks. (AC +1, EV +1)
((You are camouflaged when in or above water. (Stealth+)))
You have tentacles for arms and can constrict up to eight enemies at once.


Message History

l - 9 poisoned darts (gained 1)
l - 10 poisoned darts (gained 1)
l - 11 poisoned darts (gained 1)
l - 12 poisoned darts (gained 1)
(D) Dungeon (T) Temple
Where to? (Enter - Temple, ? - help)
Found a longbow.
A white imp comes into view.
The white imp shouts, "Escape, thou puny tickle-brained bounder!"
The white imp completely misses you.
There is a staircase to the Ecumenical Temple here.
The white imp gestures at you. The puff of frost hits you. You resist.
You climb downwards.
Welcome to the Ecumenical Temple!
Found five altars.
There is a staircase back to the Dungeon here.
You barely miss the white imp. You grab the white imp.
You squeeze the white imp!
The white imp is severely wounded.
You constrict the white imp. The white imp misses you.
You hit the white imp.
You kill the white imp!
Found a glowing silver altar of Zin.
Found a blossoming altar of Fedhas and an iron altar of Okawaru.
Found a sacrificial altar of Ru.
Found a basalt altar of Yredelemnul.
Found an opulent altar of Gozag.
Found a hazy altar of Hepliaklqana.
There is an opulent altar of Gozag here.
You curl up in front of the altar of Gozag.
Gozag does not accept service from beggars like you!
The service fee for joining is currently 372 gold; you only have 291.
Unknown command.
Press < or > to pray at altars.
Unknown command.
Press < or > to pray at altars.
You curl up in front of the altar of Gozag.
Gozag does not accept service from beggars like you!
The service fee for joining is currently 372 gold; you only have 291.
Are you sure you want to abandon this character and quit the game? (Confirm with "yes".)

........_.............#
......................##
.._..........._........#
.......................#
........_..........._..#
......................#
._..........._........#
.....................##
.......@.............#
....................##
._..........._.....##
..................##
.......⌠........###
##...........####
#############


There were no monsters in sight!

Vanquished Creatures
  A troll (D:6)
  A steam dragon (D:8)
  2 water moccasins (D:5)
  An ice beast (D:5)
  2 centaurs
  3 howler monkeys (D:8)
  An orc priest (D:6)
  3 hounds
  A jelly (D:6)
  An iron imp (D:3)
  An iguana (D:7)
  Natasha (thrice) (D:2)
  2 orc wizards (D:8)
  4 adders (D:2)
  3 white imps
  3 worms
  2 dart slugs (D:2)
  13 orcs
  6 ball pythons
  3 bats
  3 endoplasms
  A giant cockroach (D:3)
  2 goblins (D:2)
  5 hobgoblins
  A quokka (D:2)
  3 frilled lizards (D:3)
  7 kobolds
  2 rats (D:2)
80 creatures vanquished.

Notes
Turn   | Place    | Note
-------+----------+-------------------------------------------
     0 | D:5      | Chiseanne the Octopode Delver began the quest for the Orb.
     0 | D:5      | Reached XP level 1. HP: 16/16 MP: 1/1
     2 | D:5      | Noticed an ice beast
     8 | D:5      | Noticed a scorpion
    24 | D:6      | Found Woumecwu's Armour Emporium.
    26 | D:6      | Noticed Grinder
    27 | D:6      | Noticed a hound
    93 | D:7      | Noticed a black bear
   179 | D:7      | Noticed a bullfrog
   185 | D:7      | Noticed a black bear
   197 | D:7      | Noticed a centaur
   197 | D:7      | Noticed a centaur
   197 | D:7      | Noticed a gnoll bouda
   197 | D:7      | Noticed a two-headed ogre
   203 | D:7      | Noticed a killer bee
   203 | D:7      | Noticed a killer bee
   259 | D:6      | Noticed an orc priest
   261 | D:6      | Noticed a hound
   263 | D:6      | Killed an orc priest
   264 | D:6      | Reached XP level 2. HP: 19/21 MP: 2/2
   264 | D:6      | Reached XP level 3. HP: 24/26 MP: 3/3
   274 | D:6      | Reached skill level 7 in Stealth
   287 | D:6      | Reached XP level 4. HP: 32/32 MP: 4/4
   318 | D:5      | Noticed a phantom
   383 | D:6      | Noticed a centaur
   394 | D:6      | Killed a centaur
   395 | D:6      | Reached XP level 5. HP: 37/37 MP: 5/5
   416 | D:6      | Noticed a troll
   417 | D:6      | Found a staircase to the Ecumenical Temple.
   578 | D:7      | Noticed Maggie
   612 | D:8      | Noticed a steam dragon
   622 | D:8      | Killed a steam dragon
   623 | D:8      | Reached skill level 8 in Stealth
   623 | D:8      | Reached XP level 6. HP: 44/44 MP: 6/6
  1034 | D:9      | Identified the ring "Fearuigg" {rC+ MP+9 Dex+6}
  1098 | D:9      | Noticed a yak
  1252 | D:8      | Found a shimmering altar of Xom.
  1370 | D:8      | Reached skill level 1 in Spellcasting
  1370 | D:8      | Reached XP level 7. HP: 22/49 MP: 8/8
  1393 | D:8      | Reached skill level 5 in Fighting
  1664 | D:5      | Found a stormy altar of Qazlal.
  1664 | D:5      | Found a hide-covered altar of Uskayaw.
  1960 | D:3      | Found a snail-covered altar of Cheibriados.
  1966 | D:3      | Reached skill level 5 in Dodging
  1966 | D:3      | Reached XP level 8. HP: 56/56 MP: 11/11
  2205 | D:3      | Found a faded altar of an unknown god.
  2210 | D:3      | Found a broken altar of Ashenzari.
  2563 | D:2      | Identified the +5 short sword of the Spider Nest {heavy,
                  | +Blink rN+ Will+}
  2572 | D:2      | Noticed Natasha
  2579 | D:2      | Killed Natasha
  2926 | D:2      | Noticed Natasha
  2930 | D:2      | Killed Natasha
  2937 | D:2      | Found a faded altar of an unknown god.
  2970 | D:2      | Noticed Natasha
  2976 | D:2      | Killed Natasha
  3464 | D:6      | Killed a troll
  3618 | Temple   | Entered the Ecumenical Temple
  3656 | Temple   | Quit the game

Illustrated notes

Levels and vault maps discovered:
D:2:      layout_rooms, dreamdust_ecumenical_altar_hidden_monk_grotto,
          minmay_indecisive_spiral, uniq_natasha
D:3:      layout_loops_ring, nicolae_overflow_ecumenical_swirl,
          chei_slow_surprise
D:4:      layout_cave_pods
D:5:      layout_basic, gammafunk_temple_overflow_wave,
          nicolae_ossuary_entry_monument
D:6:      layout_rooms, minmay_temple_entry_stoned_glass, serial_shops, shop,
          uniq_grinder, uniq_menkaure
D:7:      layout_layer_cave, lightli_corner_chamber, uniq_maggie
D:8:      minmay_slanted_spiral_squares, layout_rooms, kennysheep_little_box,
          uniq_pikel
D:9:      minmay_polygon_palace, layout_loops_ring,
          mainiacjoe_overflow_alcove_4, grunt_temple_overflow_open,
          enter_bailey_5
Temple:   cyrus_circular_temple

Skill      XL: |  1  2  3  4  5  6  7  8 |
---------------+-------------------------+-----
Stealth        | 7 8 |  8.2
Short Blades   | 3 |  3.8
Dodging        | 3 4 5 |  5.9
Fighting       | 4 5 6 |  6.4
Spellcasting   | 1 2 3 |  3.8

Action                     |  1- 3 |  4- 6 |  7- 9 || total
---------------------------+-------+-------+-------++-------
  Melee: Short sword       |     3 |    53 |   102 ||   158
         Constrict         |     1 |    14 |    25 ||    40
         Tentacles         |       |    14 |    27 ||    41
         War axe           |       |       |    12 ||    12
         Halberd           |       |       |     6 ||     6
         Punch             |       |       |     2 ||     2
  Throw: Dart              |       |     1 |     4 ||     5
  Evoke: Wand              |     4 |     2 |       ||     6
    Use: Potion            |     1 |       |     1 ||     2
         Scroll            |       |     3 |     9 ||    12
   Stab: Sleeping          |     2 |     4 |    21 ||    27
         Distracted        |       |       |     1 ||     1
 Armour: Skin              |       |     2 |     2 ||     4
  Dodge: Dodged            |       |    32 |    79 ||   111
